 Dungeon Crawl Stone Soup version 0.17-a0-1150-g17b0b87 (webtiles) character file.

2869 Chiseanne the Nimble (level 9, -11/82 HPs)
             Began as a Yellow Draconian Wanderer on May 27, 2015.
             Was an Initiate of Okawaru.
             Killed from afar by Chiseanne's ghost (18 damage)
             ... with a bolt of negative energy
             ... on level 8 of the Dungeon.
             The game lasted 00:21:48 (6830 turns).

Chiseanne the Nimble (Yellow Draconian Wanderer)    Turns: 6830, Time: 00:21:48

Health: -11/82     AC:  8    Str: 15    XL:     9   Next: 47%
Magic:  9/9        EV: 15    Int: 14    God:    Okawaru [......]
Gold:   328        SH:  4    Dex: 14    Spells: 0 memorised, 8 levels left

rFire  . . .     SeeInvis .     s - +1 mace (freeze)
rCold  + . .     Clarity  .     (armour unavailable)
rNeg   . . .     SustAt   .     c - +0 buckler
rPois  .         Gourm    .     (helmet restricted)
rElec  .         Spirit   .     y - +0 cloak
rCorr  +         Warding  .     (no gloves)
rMut   .         Stasis   .     (no boots)
MR     .....                    k - amulet of regeneration
Stlth  +.........               z - ring of protection from cold
                                b - +2 ring of intelligence

@: short of breath, very heavily drained, not resistant to hostile enchantments,
very unstealthy
A: spit acid, acid resistance, unfitting armour, cold-blooded, AC +7
a: Spit Acid, Renounce Religion


You were on level 8 of the Dungeon.
You worshipped Okawaru.
Okawaru was noncommittal.
You were very hungry.

You visited 2 branches of the dungeon, and saw 9 of its levels.

You collected 328 gold pieces.

Inventory:

Hand weapons
 a - a +1 morningstar
 s - a +1 mace of freezing (weapon)
Missiles
 g - 43 poisoned needles
 h - 57 sling bullets
 o - 3 silver bolts
 q - 40 bolts
 v - a tomahawk
 x - 7 javelins (quivered)
 J - 2 throwing nets
Armour
 c - a +0 buckler (worn)
 y - a +0 cloak (worn)
Jewellery
 b - a +2 ring of intelligence (left hand)
 k - an amulet of regeneration (around neck)
 l - an uncursed amulet of warding
 m - an uncursed ring of ice
 z - a ring of protection from cold (right hand)
 H - an uncursed ring of flight {unknown}
Magical devices
 F - a wand of cold (0)
 I - a wand of digging (12)
Scrolls
 e - 3 scrolls of remove curse
 p - 3 scrolls of recharging
 B - 2 scrolls of teleportation
 D - 3 scrolls of identify
 G - a scroll of amnesia
Potions
 i - 2 potions of flight
 j - 4 potions of brilliance
 E - 2 potions of curing
Books
 t - a book of the Tempests

   Spells                             Type                      Level
   a - Static Discharge               Conjuration/Air              3
   b - Lightning Bolt                 Conjuration/Air              5
   c - Fireball                       Conjuration/Fire             5
   d - Tornado                        Air                          9
   e - Shatter                        Earth                        9
Comestibles
 d - 8 bread rations
 n - 5 meat rations
 r - a royal jelly
 u - 3 beef jerkies
 A - a slice of pizza
 C - 9 fruits


   Skills:
 * Level 8.4(5.1) Fighting
   Level 1.0(0.0) Short Blades
   Level 1.0(0.0) Axes
 * Level 9.7(6.3) Dodging
 * Level 4.6(1.7) Shields
 - Level 1.0(0.0) Evocations


You had 8 spell levels left.
You didn't know any spells.

Dungeon Overview and Level Annotations

Branches:
Dungeon (8/15)             Temple (1/1) D:7
   Lair: D:8-11

Altars:
Ashenzari
Cheibriados
Dithmenos
Elyvilon
Fedhas
Makhleb
Nemelex Xobeh
Okawaru
Qazlal
Ru
Sif Muna
Trog
Vehumet
Yredelemnul
Zin
The Shining One

Annotations:
D:3 Chiseanne's ghost, average DrWn
D:4 Grinder; Pikel
D:8 Chiseanne's ghost, experienced DrWn


Innate Abilities, Weirdness & Mutations

You can spit globs of acid.
You are resistant to acid.
Your golden yellow scales are hard (AC +7).
Your body does not fit into most forms of armour.
You are cold-blooded and may be slowed by cold attacks.


Message History

You hit Chiseanne's ghost. You freeze Chiseanne's ghost.
Your tail-slap misses Chiseanne's ghost.
Chiseanne's ghost is severely damaged.
Chiseanne's ghost hits you but does no damage.
You closely miss Chiseanne's ghost.
Your tail-slap misses Chiseanne's ghost.
Chiseanne's ghost is severely damaged.
You are feeling very hungry.
Chiseanne's ghost barely misses you.
You miss Chiseanne's ghost.
You tail-slap Chiseanne's ghost, but do no damage.
Chiseanne's ghost is severely damaged.
Chiseanne's ghost wails, "They lied to you.
The Dungeon just goes down and down forever."
Chiseanne's ghost closely misses you. Chiseanne's ghost hits you.
* * * LOW HITPOINT WARNING * * *
You miss Chiseanne's ghost.
Chiseanne's ghost is severely damaged.
Chiseanne's ghost breathes negative energy at you.
The bolt of negative energy hits you!
You feel drained.
You die...

....#...#......
....#..)......(........
.....<.รท.##...........
...............#.....
....#....###..#.....
)...#....# #.#.....
....###### #...#Z.
....# ##..##W# ...##
###....#@# ...###
#........# ##...#
#.##.....#
##..####.##(#..##
#..........##.#
##.........##.####
..##................
.<.....).....##.##.
....................


You could see Chiseanne's ghost and a centaur zombie.

Vanquished Creatures
  Psyche (D:8)
  A spriggan (D:7)
  The ghost of Chiseanne the Magician, an average DrWn (D:5)
  A steam dragon (D:7)
  3 phantoms
  An ice beast (D:6)
  An orc warrior (D:6)
  3 ogres (D:5)
  A slave (D:5)
  3 centaurs
  A giant frog (D:7)
  2 scorpions
  4 wights (D:7)
  3 crimson imps
  A jelly (D:7)
  3 orc priests
  3 hounds
  3 iguanas (D:5)
  3 orc wizards
  Jessica (D:2)
  A centaur skeleton (D:6)
  8 worker ants
  5 adders
  2 shadow imps
  An ooze (D:7)
  An adder zombie (D:5)
  4 worms
  6 giant geckos
  16 orcs
  8 bats
  4 goblins
  8 hobgoblins
  6 jackals (D:1)
  14 kobolds
  3 quokkas (D:5)
  A giant gecko skeleton (D:5)
  2 giant newts
  8 rats
138 creatures vanquished.

Vanquished Creatures (others)
  A wizard (D:5)
1 creature vanquished.

Grand Total: 139 creatures vanquished

Notes
Turn   | Place    | Note
--------------------------------------------------------------
     0 | D:1      | Chiseanne the Draconian Wanderer began the quest for the Orb.
     0 | D:1      | Chiseanne set off with: a +2 short sword, a +0 spear, a +0 buckler, a bread ration
     0 | D:1      | Reached XP level 1. HP: 22/22 MP: 1/1
   190 | D:1      | Reached XP level 2. HP: 21/28 MP: 2/2
   774 | D:2      | Reached skill level 5 in Fighting
   786 | D:2      | Reached XP level 3. HP: 27/36 MP: 3/3
  1041 | D:2      | Noticed Jessica
  1057 | D:2      | Killed Jessica
  1057 | D:2      | Reached XP level 4. HP: 16/42 MP: 4/4
  1591 | D:3      | Noticed Chiseanne's ghost (average DrWn)
  1773 | D:2      | Reached XP level 5. HP: 35/48 MP: 5/5
  2311 | D:4      | Found a glowing silver altar of Zin.
  2311 | D:4      | Found a basalt altar of Yredelemnul.
  2694 | D:4      | Noticed Grinder
  2700 | D:4      | Noticed Pikel
  2700 | D:4      | Noticed a slave
  2700 | D:4      | Noticed a slave
  2701 | D:4      | Noticed a slave
  2702 | D:4      | Noticed a slave
  2754 | D:4      | Reached XP level 6. HP: 54/57 MP: 6/6
  2824 | D:4      | HP: 2/57 [Pikel/whip of freezing (2)]
  2845 | D:5      | Entered Level 5 of the Dungeon
  2854 | D:5      | Killed a slave
  3128 | D:5      | Reached skill level 6 in Fighting
  3150 | D:5      | Reached skill level 5 in Dodging
  3295 | D:5      | Your scales start taking on a golden yellow colour.
  3295 | D:5      | Reached XP level 7. HP: 54/63 MP: 7/7
  3835 | D:5      | Killed Chiseanne's ghost
  3842 | D:5      | Reached XP level 8. HP: 13/71 MP: 8/8
  4038 | D:5      | Reached skill level 7 in Dodging
  4354 | D:5      | Found a bloodstained altar of Trog.
  4355 | D:5      | Noticed a wizard
  4360 | D:5      | Killed a wizard
  4725 | D:6      | Found a sacrificial altar of Ru.
  4765 | D:6      | Found a shadowy altar of Dithmenos.
  5233 | D:6      | Reached skill level 8 in Dodging
  5830 | D:7      | Reached XP level 9. HP: 67/81 MP: 9/9
  5995 | D:7      | Reached skill level 9 in Dodging
  6279 | D:7      | Found a staircase to the Ecumenical Temple.
  6343 | Temple   | Entered the Ecumenical Temple
  6575 | Temple   | Became a worshipper of Warmaster Okawaru
  6725 | D:8      | Noticed Psyche
  6736 | D:8      | Killed Psyche
  6790 | D:8      | Noticed Chiseanne's ghost (experienced DrWn)
  6820 | D:8      | HP: 2/82 [Chiseanne's ghost (7)]
  6830 | D:8      | Killed from afar by Chiseanne's ghost

Vault maps used:
D:1:      zaba_arrival_water, minmay_misc_feat_plants
D:2:      uniq_jessica
D:4:      gammafunk_temple_overflow_elements, first_bread, uniq_grinder,
          uniq_pikel, uniq_duvessa
D:5:      forest_paths, trog_wizard
D:6:      lemuel_crystal_altar, nicolae_overflow_crystal_walls
D:7:      minmay_temple_entry_fiery, the_bakery
D:8:      uniq_psyche, uniq_maurice
Temple:   dpeg_five_rooms_temple_12

Action                   |  1- 3 |  4- 6 |  7- 9 || total
-------------------------+-------+-------+-------++-------
Melee: Short sword       |    94 |   256 |   220 ||   570
       Morningstar       |       |       |   106 ||   106
       Mace              |       |       |    63 ||    63
Throw: Javelin           |       |    25 |    34 ||    59
       Tomahawk          |       |     6 |     4 ||    10
 Abil: Spit Acid         |       |       |    25 ||    25
Evoke: Wand              |       |       |     4 ||     4
  Use: Scroll            |     6 |     7 |     6 ||    19
       Potion            |       |     5 |     4 ||     9
 Stab: Sleeping          |     1 |       |       ||     1
  Eat: Chunk             |       |    10 |    18 ||    28
       Fruit             |       |       |     1 ||     1
